 Dungeon Crawl Stone Soup version 0.27.0-1-g7a089689b8 (webtiles) character file.

Game seed: 12689759337158274072

64962 theswoord the Cruncher (level 14, -4/111 HPs)
             Began as a Demonspawn Gladiator on Aug 5, 2021.
             Was the Champion of Okawaru.
             Slain by Jorgrun (6 damage)
             ... while petrified by Jorgrun
             ... on level 12 of the Dungeon.
             The game lasted 01:00:21 (26431 turns).

theswoord the Cruncher (Demonspawn Gladiator)      Turns: 26431, Time: 01:00:22

Health: -4/111     AC: 30    Str: 17    XL:     14   Next: 73%
Magic:  22/22      EV: -1    Int: 17    God:    Okawaru [******]
Gold:   1924       SH:  0    Dex: 20    Spells: 13/13 levels left

rFire    . . .     SeeInvis .   b - +5 quarterstaff
rCold    . . .     Faith    +   (shield currently unavailable)
rNeg     + + +     Spirit   .   I - +5 chain mail of the Ecumenical Temple {+Inv Will- Regen+ Int+3}
rPois    ∞         Reflect  .   j - +2 helmet {Int+3}
rElec    .         Harm     .   D - +0 cloak
rCorr    .         Rampage  .   n - +0 pair of gloves
Will     .....     Clarity  +   N - +1 pair of boots
Stlth    ..........             f - amulet of faith
HPRegen  1.28/turn              (no ring)
MPRegen  0.18/turn              (no ring)

@: agile, about to teleport, petrified, heroic, grasped by roots, constricted
A: claws 2, powered by pain 3, big brain 1, condensation shield, talons 1, agile
1, clarity
a: Renounce Religion, Evoke Invisibility, Heroism, Finesse


You were on level 12 of the Dungeon.
You worshipped Okawaru.
Okawaru was exalted by your worship.
You visited 4 branches of the dungeon, and saw 21 of its levels.

You collected 1996 gold pieces.
You spent 72 gold pieces at shops.

Inventory:

Hand Weapons
 a - a +1 vampiric quarterstaff
 b - a +5 quarterstaff (weapon)
 i - a +1 demon trident of freezing
Missiles
 d - 3 throwing nets
 u - a curare-tipped dart (quivered)
Armour
 j - a +2 helmet of intelligence (worn)
 k - the +1 ring mail of the Hidden Friends {rElec rF- Will+}
   (You took it off a hobgoblin on level 4 of the Dungeon)

   rF:        It makes you vulnerable to fire.
   rElec:     It insulates you from electricity.
   Will:      It increases your willpower.
 n - a +0 pair of gloves (worn)
 y - +1 swamp dragon scales
 D - a +0 cloak (worn)
 I - the +5 chain mail of the Ecumenical Temple (worn) {+Inv Will- Regen+ Int+3}
   (You found it on level 4 of the Lair of Beasts)

   Int:       It affects your intelligence (+3).
   +Inv:      It lets you turn invisible.
   Regen:     It increases your rate of health regeneration.
   Will:      It decreases your willpower.
 J - the -1 hat "Hiwiykah" {rPois rN+++ Int-4 Dex-4}
   (Okawaru gifted it to you on level 1 of the Orcish Mines)

   Int:       It affects your intelligence (-4).
   Dex:       It affects your dexterity (-4).
   rPois:     It protects you from poison.
   rN:        It renders you almost immune to negative energy.
 N - a +1 pair of boots (worn)
Jewellery
 e - an amulet of guardian spirit
 f - an amulet of faith (around neck)
 K - a ring of see invisible
Wands
 r - a wand of iceblast (6)
 t - a wand of paralysis (7)
 C - a wand of digging (9)
 L - a wand of mindburst (15)
Scrolls
 l - 3 scrolls of immolation
 o - 5 scrolls of identify
 q - 4 scrolls of teleportation
 s - 4 scrolls of blinking
 v - a scroll of holy word
 z - a scroll of vulnerability
 F - a scroll of magic mapping
 H - 3 scrolls of amnesia
 M - 2 scrolls of enchant armour
Potions
 c - a potion of brilliance
 g - a potion of cancellation
 h - a potion of lignification
 m - 3 potions of attraction
 p - 4 potions of flight
 w - 5 potions of curing
 x - a potion of mutation
 A - a potion of might
 B - a potion of resistance
 G - a potion of invisibility
Miscellaneous
 E - a tin of tremorstones (1/2)
 O - a piece from Xom's chessboard (15/15)


   Skills:
 + Level 10.7(15.7) Fighting
 - Level 14.0(19.0) Staves
 - Level 1.7(6.7) Throwing
 + Level 14.0(19.0) Armour
 + Level 10.1(15.1) Dodging
 + Level 11.2 Invocations


You had 13 spell levels left.
You didn't know any spells.
Your spell library contained the following spells:

 Spells                   Type           Power      Damage    Failure   Level
 Slow                     Hex            0%         N/A       88%         2
 Tukima's Dance           Hex            0%         N/A       98%         3
 Silence                  Hex/Air        0%         N/A       100%        5


Dungeon Overview and Level Annotations

Branches:
Dungeon (12/15)            Temple (1/1) D:4            Lair (6/6) D:9
  Swamp (0/4) Lair:2       Spider (0/4) Lair:3        Slime (0/5) Lair:6
    Orc (2/2) D:9             Elf (0/3) Orc:2

Altars:
Ashenzari
Cheibriados
Dithmenos
Elyvilon
Fedhas
Gozag
Hepliaklqana
Kikubaaqudgha
Makhleb
Nemelex Xobeh
Okawaru
Qazlal
Ru
Sif Muna
Trog
Uskayaw
Vehumet
Wu Jian
Xom
Yredelemnul
Zin
The Shining One
Beogh
Jiyva

Shops:
D:4 *   D:7 ?   Orc:2 ?([(

Portals:
Hell: Lair:6
Abyss: Orc:1

Annotations:
D:2 Edmund
D:9 1 runed translucent door
D:12 2 transporters, Jorgrun; Xqipyl's ghost, journeyman GrFE
Lair:1 exclusion: 2 oklob plants
Orc:1 2 transporters, kazak's ghost, journeyman OpFE


Innate Abilities, Weirdness & Mutations

You have very sharp fingernails.
You are powered by pain.
You have an unusually large brain. (Int +2)
A meltable shield of frost defends you. (SH +4)
You have sharp toenails.
You are agile. (Dex +2)
You possess an exceptional clarity of mind.


Message History

The iron shot hits you!!!
* * * LOW HITPOINT WARNING * * *
x2 The grasping roots constrict you!
The kobold hits you but does no damage.
Okay, then.
Okay, then.
Blink to where?
Press: ? - help, Dir - move target The roots' grasp on you weakens, but your attempt to escape fails.
As you read the scroll of blinking, it crumbles to dust.
Jorgrun gestures at you while chanting.
You are slowing down.
The grasping roots constrict you.
The orc wizard gestures at you while chanting.
The magic dart hits you.
* * * LOW HITPOINT WARNING * * *
The kobold hits you but does no damage.
Unknown command.
You feel better.
Jorgrun hits you with a +0 vorpal quarterstaff.
* * * LOW HITPOINT WARNING * * *
x3 The grasping roots constrict you.
The kobold hits you but does no damage. Jorgrun hits you but does no damage.
The grasping roots constrict you.
Your limbs are stiffening.
Unknown command.
As you read the scroll of teleportation, it crumbles to dust.
You feel strangely unstable. The kobold hits you but does no damage.
An orc wizard comes into view. It is wielding a +0 dagger.
Jorgrun hits you with a +0 vorpal quarterstaff!
* * * LOW HITPOINT WARNING * * *
x2 The grasping roots constrict you.
An orc wizard comes into view. It is wielding a +0 dagger.
The kobold barely misses you.
The orc wizard moves out of view.
You have turned to stone.
Jorgrun hits you with a +0 vorpal quarterstaff!
* * * LOW HITPOINT WARNING * * *
x3 The grasping roots constrict you.
The orc wizard hits you but does no damage.
The kobold hits you but does no damage.
Jorgrun hits you with a +0 vorpal quarterstaff!
You die...

#..#..# ..#..#.###
...>#.#<# #...#.#)#
#...#.#)# #...#.#)#
#.gK..#.#
#!@..#)############
#.o...)...)[)).....
#.)..#.############
#..#)..............
#.(..##############
#.#.o... #.#..o###
..#...# #####.$#


You could see Jorgrun, 3 orc wizards and a kobold.

Vanquished Creatures
  An orc warlord (Orc:2)
  A dire elephant (Lair:6)
  Josephine (Orc:2)
  A hell beast (Lair:6)
  10 hydras
  2 boulder beetles
  Erica (D:8)
  A death knight (D:11)
  2 two-headed ogres
  10 death yaks
  An orc high priest (Orc:2)
  Sonja (Lair:5)
  A fire crab (Lair:3)
  A bog body (Lair:2)
  A wizard (Lair:6)
  3 orc knights
  2 orc sorcerers
  2 cyclopes (D:12)
  15 elephants
  4 black mambas
  A smoke demon (Lair:6)
  An orange demon (Lair:6)
  2 torpor snails
  Maggie (D:7)
  Joseph (D:9)
  8 cane toads
  6 rime drakes
  3 kobold demonologists
  3 ice devils (Lair:6)
  7 komodo dragons
  2 red devils (Lair:6)
  A hornet (D:8)
  3 trolls
  2 polar bears (Lair:6)
  10 blink frogs
  Sigmund (D:4)
  5 wraiths
  Eustachio (D:4)
  4 basilisks
  43 yaks
  2 wyverns
  2 wargs (Orc:2)
  Grum (D:8)
  4 vampire mosquitoes (D:11)
  12 water moccasins
  4 hell hounds (Lair:6)
  31 orc warriors
  4 black bears
  6 sky beasts
  A necrophage (D:6)
  8 ogres
  2 centaurs
  7 wolves
  3 kobold brigands
  5 scorpions
  11 bullfrogs
  2 gnoll sergeants
  A wyvern zombie (D:4)
  4 killer bees (D:10)
  5 wights
  4 howler monkeys
  A bullfrog zombie (D:3)
  5 centaur zombies
  4 jellies
  The ghost of sanka the Magician, a weakling VSWz (D:2)
  A hound (D:5)
  17 orc priests
  2 bullfrog skeletons
  2 centaur skeletons
  Natasha (thrice) (D:2)
  An iguana (D:6)
  23 orc wizards
  Terence (D:2)
  A mummy (D:6)
  Robin (D:4)
  A howler monkey skeleton (D:7)
  13 gnolls
  7 adders
  13 white imps
  An ufetubus (D:4)
  A worm (D:3)
  An adder zombie (D:5)
  3 dart slugs
  95 orcs
  6 endoplasms
  2 giant cockroaches
  12 goblins
  17 hobgoblins
  9 jackals
  4 quokkas
  5 ball pythons
  10 bats
  2 hobgoblin zombies (D:6)
  22 kobolds
  2 kobold zombies (D:6)
  6 rats
580 creatures vanquished.

Vanquished Creatures (others)
  A bush (Lair:6)
  32 fungi
  39 plants
72 creatures vanquished.

Grand Total: 652 creatures vanquished

Notes
Turn   | Place    | Note
-------+----------+-------------------------------------------
     0 | D:1      | theswoord the Demonspawn Gladiator began the quest for the
                  | Orb.
     0 | D:1      | Reached XP level 1. HP: 16/16 MP: 1/1
   248 | D:1      | Gained mutation: You sometimes gain a little power by
                  | taking damage. [demonic ancestry]
   248 | D:1      | Reached XP level 2. HP: 22/22 MP: 2/2
  1075 | D:2      | Gained mutation: You have sharp toenails. [potion of
                  | mutation]
  1075 | D:2      | Gained mutation: You possess an exceptional clarity of
                  | mind. [potion of mutation]
  1075 | D:2      | Gained mutation: You are agile. (Dex +2) [potion of
                  | mutation]
  1083 | D:2      | Reached XP level 3. HP: 22/27 MP: 3/3
  1762 | D:2      | Noticed Terence
  1773 | D:2      | Killed Terence
  1774 | D:2      | Reached XP level 4. HP: 27/33 MP: 4/4
  1862 | D:2      | You fall into a shaft and drop 1 floor!
  2041 | D:3      | Found a runed translucent gate.
  2041 | D:3      | Found a runed translucent gate.
  2047 | D:3      | Found a runed translucent gate.
  2548 | D:3      | Noticed sanka's ghost (weakling VSWz)
  2776 | D:3      | Noticed Natasha
  2780 | D:3      | Reached skill level 5 in Staves
  2965 | D:2      | Killed Natasha
  2966 | D:2      | Reached XP level 5. HP: 34/38 MP: 5/5
  3545 | D:4      | HP: 1/38 [wyvern zombie (12)]
  3547 | D:4      | Reached XP level 6. HP: 1/44 MP: 6/6
  3877 | D:2      | Noticed Natasha
  3881 | D:2      | Killed Natasha
  3986 | D:2      | Killed sanka's ghost
  4101 | D:2      | Noticed Natasha
  4109 | D:2      | Killed Natasha
  4986 | D:4      | Noticed Robin
  5347 | D:4      | Killed Robin
  5388 | D:4      | Gained mutation: A meltable shield of frost defends you.
                  | (SH +4) [demonic ancestry]
  5388 | D:4      | Reached XP level 7. HP: 29/50 MP: 7/7
  5566 | D:4      | Found an opulent altar of Gozag.
  5588 | D:4      | Noticed Sigmund
  5592 | D:4      | Identified the +1 ring mail of the Hidden Friends {rElec
                  | rF- Will+}
  5598 | D:4      | Killed Sigmund
  5822 | D:4      | Found Tucve Rur's Elemental Accessories.
  5825 | D:4      | Noticed Eustachio
  5958 | D:4      | Killed Eustachio
  6080 | D:4      | Found a staircase to the Ecumenical Temple.
  6092 | Temple   | Entered the Ecumenical Temple
  6400 | D:4      | Noticed Edmund
  6415 | D:4      | Reached XP level 8. HP: 18/56 MP: 8/8
  6946 | D:5      | Entered Level 5 of the Dungeon
  7593 | D:5      | Found a sparkling altar of Nemelex Xobeh.
  7634 | D:5      | Found an ancient bone altar of Kikubaaqudgha.
  8238 | D:6      | Reached skill level 1 in Armour
  8268 | D:5      | Reached skill level 10 in Staves
  9004 | D:6      | Found a shimmering blue altar of Sif Muna.
  9171 | D:6      | Gained mutation: You sometimes gain power by taking damage.
                  | [demonic ancestry]
  9171 | D:6      | Reached XP level 9. HP: 61/61 MP: 9/9
  9596 | D:7      | Noticed Maggie
  9810 | D:7      | Killed Maggie
  9811 | D:7      | Reached skill level 5 in Armour
 10279 | D:7      | Found Tuuxeysk's Magic Scroll Boutique.
 10286 | D:7      | Bought a scroll of identify for 24 gold pieces
 10286 | D:7      | Bought a scroll of identify for 24 gold pieces
 10286 | D:7      | Bought a scroll of identify for 24 gold pieces
 10892 | D:8      | Found a stormy altar of Qazlal.
 11016 | D:8      | Found a broken altar of Ashenzari.
 11292 | D:8      | Noticed Erica
 11307 | D:8      | Killed Erica
 11308 | D:8      | Gained mutation: You have sharp fingernails. [demonic
                  | ancestry]
 11308 | D:8      | Reached XP level 10. HP: 63/67 MP: 10/10
 11349 | D:8      | Noticed a two-headed ogre
 11373 | D:8      | Killed a two-headed ogre
 11593 | D:8      | Found a shimmering altar of Xom.
 11635 | D:8      | Noticed Grum
 11637 | D:8      | Found a basalt altar of Yredelemnul.
 11637 | D:8      | Found a basalt altar of Yredelemnul.
 11644 | D:8      | Killed Grum
 11645 | D:8      | Found a broken altar of Ashenzari.
 11645 | D:8      | Found a shimmering altar of Xom.
 11645 | D:8      | Found an ancient bone altar of Kikubaaqudgha.
 11996 | D:8      | Found a burning altar of Makhleb.
 12099 | D:9      | Noticed a harpy
 12100 | D:9      | Found a runed translucent door.
 12101 | D:9      | Noticed a wolf spider
 12102 | D:9      | Noticed a yaktaur captain
 12102 | D:9      | Noticed a five-headed hydra
 12102 | D:9      | Noticed a frost giant
 12102 | D:9      | Noticed a centaur warrior
 12102 | D:9      | Noticed a fire crab
 12102 | D:9      | a spriggan changed into a fire crab
 12159 | D:9      | Found a staircase to the Orcish Mines.
 12235 | D:9      | Found a snail-covered altar of Cheibriados.
 12374 | D:9      | Noticed Joseph
 12402 | D:9      | Killed Joseph
 12705 | D:9      | Found a staircase to the Lair.
 13077 | D:9      | Reached skill level 10 in Armour
 13201 | D:9      | Noticed a green ugly thing
 13202 | D:9      | Noticed a cyclops
 13202 | D:9      | Noticed a green ugly thing
 13211 | D:9      | Noticed a two-headed ogre
 13212 | D:9      | Identified the amulet of Tebb {Acrobat rF+ Str+7 SInv
                  | Stlth-}
 13212 | D:9      | Noticed a cyclops
 13232 | D:9      | Noticed a manticore
 13235 | D:9      | Noticed a centaur warrior
 13382 | D:9      | Noticed a guardian serpent
 13383 | D:9      | Noticed a shock serpent
 13389 | D:9      | a guardian serpent changed into a queen bee
 13449 | Lair:1   | Entered Level 1 of the Lair of Beasts
 13467 | Lair:1   | Gained mutation: You are powered by pain. [demonic
                  | ancestry]
 13467 | Lair:1   | Reached XP level 11. HP: 51/72 MP: 11/11
 13737 | Lair:1   | Noticed an oklob plant
 13737 | Lair:1   | Noticed an oklob plant
 14187 | Lair:2   | Noticed a six-headed hydra
 14201 | Lair:2   | Killed a six-headed hydra
 14459 | Lair:2   | Noticed a bog body
 14482 | Lair:2   | Killed a bog body
 14650 | D:9      | Noticed an orb spider
 14692 | D:10     | Entered Level 10 of the Dungeon
 14721 | D:10     | Noticed a two-headed ogre
 14723 | D:10     | Found a radiant altar of Vehumet.
 14733 | D:10     | Killed a two-headed ogre
 15576 | D:10     | Found a bloodstained altar of Trog.
 15866 | D:10     | Found an iron altar of Okawaru.
 15883 | D:10     | Became a worshipper of Warmaster Okawaru
 16073 | Lair:2   | Reached skill level 5 in Fighting
 16073 | Lair:2   | Reached skill level 5 in Dodging
 16076 | Lair:2   | Reached * piety under Okawaru
 16104 | Lair:2   | Gained mutation: You have very sharp fingernails. [demonic
                  | ancestry]
 16104 | Lair:2   | Reached XP level 12. HP: 45/86 MP: 12/12
 16422 | Lair:2   | Found a staircase to the Swamp.
 16553 | Lair:2   | Got the Reference Book on Malediction
 16712 | Lair:2   | You fall into a shaft and drop 2 floors!
 16786 | Lair:4   | Identified the +5 chain mail of the Ecumenical Temple {+Inv
                  | Will- Regen+ Int+3}
 16847 | Lair:4   | Noticed a five-headed hydra
 16859 | Lair:4   | Killed a five-headed hydra
 17051 | Lair:4   | You fall into a shaft and drop 2 floors!
 17051 | Lair:6   | Entered Level 6 of the Lair of Beasts
 17052 | Lair:6   | Noticed a death yak
 17053 | Lair:6   | Noticed a death yak
 17086 | Lair:5   | Reached ** piety under Okawaru
 17366 | Lair:5   | Noticed Sonja
 17387 | Lair:5   | Killed Sonja
 18291 | Lair:3   | Found a hole to the Spider Nest.
 18512 | Lair:3   | Reached *** piety under Okawaru
 18788 | Lair:3   | Noticed an eight-headed hydra
 18797 | Lair:3   | Killed an eight-headed hydra
 18892 | Lair:3   | Noticed a death yak
 18892 | Lair:3   | Noticed a death yak
 18892 | Lair:3   | Noticed a death yak
 18893 | Lair:3   | Noticed a death yak
 18893 | Lair:3   | Noticed a death yak
 18923 | Lair:3   | Noticed a death yak
 18929 | Lair:3   | Killed a death yak
 18958 | Lair:3   | Killed a death yak
 18973 | Lair:3   | Killed a death yak
 18973 | Lair:3   | Reached **** piety under Okawaru
 19000 | Lair:3   | Killed a death yak
 19025 | Lair:3   | Killed a death yak
 19041 | Lair:3   | Killed a death yak
 19390 | Lair:5   | Noticed a six-headed hydra
 19402 | Lair:5   | Killed a six-headed hydra
 19402 | Lair:5   | Reached ***** piety under Okawaru
 19801 | Lair:6   | Noticed a death yak
 19833 | Lair:5   | Killed a death yak
 19834 | Lair:5   | Reached skill level 1 in Invocations
 19841 | Lair:5   | Reached XP level 13. HP: 64/98 MP: 14/14
 20060 | Lair:5   | Identified the +5 ring mail of Pyinaut {Regen+ Str+9 Dex-5}
                  | (Okawaru gifted it to you on level 5 of the Lair of Beasts)
 20060 | Lair:5   | Received a gift from Okawaru
 20061 | Lair:5   | Reached skill level 5 in Invocations
 20495 | Lair:6   | Reached ****** piety under Okawaru
 20537 | Lair:6   | Received a gift from Okawaru
 20724 | Lair:6   | Noticed a dire elephant
 20772 | Lair:6   | Killed a dire elephant
 20772 | Lair:6   | Received a gift from Okawaru
 20828 | Lair:6   | Found a burning altar of Makhleb.
 21062 | Lair:6   | Gained mutation: You have an unusually large brain. (Int
                  | +2) [demonic ancestry]
 21062 | Lair:6   | Reached XP level 14. HP: 104/108 MP: 21/21
 21446 | Lair:6   | Found a viscous altar of Jiyva.
 21447 | Lair:6   | Found a staircase to the Slime Pits.
 21595 | Lair:6   | Reached skill level 10 in Invocations
 21952 | Lair:6   | Found a gateway to Hell.
 22844 | D:11     | Received a gift from Okawaru
 23325 | D:12     | Reached skill level 10 in Fighting
 23326 | D:12     | Found a transporter.
 23326 | D:12     | Noticed Xqipyl's ghost (journeyman GrFE)
 23412 | D:12     | Found a transporter.
 23536 | Orc:1    | Entered Level 1 of the Orcish Mines
 23639 | Orc:2    | Entered Level 2 of the Orcish Mines
 23734 | Orc:1    | Identified the -1 hat "Hiwiykah" {rPois rN+++ Int-4 Dex-4}
                  | (Okawaru gifted it to you on level 1 of the Orcish Mines)
 23734 | Orc:1    | Received a gift from Okawaru
 23841 | Orc:2    | Found a staircase to the Elven Halls.
 24330 | Orc:2    | Noticed an orc warlord
 24383 | Orc:2    | Killed an orc warlord
 24452 | Orc:2    | Found Siableh's Antique Weapon Shoppe.
 24468 | Orc:2    | Found Lyifoppioh's Antique Armour Emporium.
 24782 | Orc:2    | Found Peixtad's Magic Scroll Shoppe.
 24879 | Orc:2    | Found Cebrissasma's Weapon Boutique.
 25289 | Orc:1    | Paralysed by an orc sorcerer for 4 turns
 25340 | Orc:1    | Noticed Josephine
 25413 | Orc:2    | Killed Josephine
 25549 | Orc:1    | Found a transporter.
 25564 | Orc:1    | Noticed kazak's ghost (journeyman OpFE)
 25590 | Orc:1    | Reached skill level 10 in Dodging
 25620 | Orc:1    | Found a transporter.
 25701 | Orc:1    | Found a one-way gate to the infinite horrors of the Abyss.
 26390 | D:12     | Noticed Jorgrun
 26430 | D:12     | HP: 5/111 [Jorgrun (5)]
 26430 | D:12     | HP: 1/111 [Jorgrun (2)]
 26431 | D:12     | Slain by Jorgrun

Skill      XL: |  1  2  3  4  5  6  7  8  9 10 11 12 13 14 |
---------------+-------------------------------------------+-----
Staves         | 3 4 5 6 7 8 10 12 13 14 | 14.0
Armour         | 4 7 10 11 12 13 14 | 14.0
Dodging        | 5 7 9 10 | 10.1
Fighting       | 5 8 9 10 | 10.7
Invocations    | 2 9 11 | 11.2
Throwing       | |  1.7

Action                   |  1- 3 |  4- 6 |  7- 9 | 10-12 | 13-15 || total
-------------------------+-------+-------+-------+-------+-------++-------
Melee: Quarterstaff      |    85 |   178 |   391 |   948 |  1890 ||  3492
       Kick              |    11 |    53 |   161 |   362 |       ||   587
Throw: Dart              |       |       |    10 |    20 |     9 ||    39
       Throwing net      |       |       |     1 |       |       ||     1
Invok: Heroism           |       |       |       |     2 |     7 ||     9
       Finesse           |       |       |       |       |     2 ||     2
Evoke: Wand              |       |       |     3 |     3 |       ||     6
       Tin of tremorston |       |       |       |     2 |     1 ||     3
       Piece from Xom's  |       |       |       |     1 |     6 ||     7
  Use: Scroll            |     4 |     4 |     6 |     9 |     8 ||    31
       Potion            |     1 |       |     4 |     3 |     4 ||    12
 Stab: Paralysed         |       |       |     7 |       |       ||     7
       Held in net/web   |       |       |     1 |       |       ||     1
Armor: Leather armour    |    23 |       |       |       |       ||    23
       Skin              |     1 |       |       |       |       ||     1
       Chain mail        |       |   111 |   124 |   100 |   975 ||  1310
       Ring mail         |       |     9 |       |       |       ||     9
       Swamp dragon scal |       |       |    27 |   204 |       ||   231
Dodge: Dodged            |    61 |    96 |   171 |   385 |   922 ||  1635
Block: Other             |       |       |    45 |   105 |   248 ||   398

Levels and vault maps discovered:
D:1:      heliophobic_arrival_enchanted_forest, layout_loops_ring,
          grunt_decor_mini_mirrors
D:2:      layout_loops_cross, serial_bayou_pond_c, uniq_terence
D:3:      layout_loops_cross, gammafunk_ghost_necromancy,
          kennysheep_generic_room_13, uniq_natasha
D:4:      minmay_skewed_foursquare, layout_rooms,
          nicolae_gozag_cash_rules_everything_around_me,
          minmay_temple_entry_grid, nicolae_elemental_shop, uniq_sigmund,
          uniq_robin, uniq_eustachio, uniq_edmund
D:5:      wander_river, layout_basic, mainiacjoe_overflow_surrounded_room,
          marbit_many_paths, lemuel_round_altar, grunt_decor_fettered
D:6:      layout_basic, lemuel_tele_altar, minmay_mini_ossuary
D:7:      layout_gridville, serial_shops, nicolae_square_shop, uniq_maggie
D:8:      layout_loops_corners, lightli_temple_of_fire,
          overflow_temple_1_default, doesnt_xom_only_xom,
          general_overflow_altar, nicolae_qazlal_general_emergency, uniq_grum,
          uniq_erica
D:9:      minmay_gate_of_8, layout_small_grid, mainiacjoe_overflow_chevrons,
          grunt_lair_entry_orc_guard_hut, minivault_12, uniq_joseph
D:10:     layout_basic, mainiacjoe_overflow_brackets, okawaru_altar_gauntlet_db,
          dk_noncrumbling_2, david_defended_altar_orc
D:11:     layout_irregular_city
D:12:     layout_basic, gammafunk_ghost_stat_death, interstate_on_off,
          uniq_jorgrun
Temple:   compressed_dpeg_triangle_lava_temple
Lair:1:   layout_hall_layers, minmay_lair_oklob_chamber, grunt_megastairs_1
Lair:2:   layout_cave_pods, skrybe_swamp_entry_bodies, enter_volcano_1,
          grunt_megastairs_4, lemuel_fruit_tree
Lair:3:   layout_regular_city, spider_nest_entry_web_field
Lair:4:   layout_loops_ring, portal_ice_cave_entry_imps, minmay_holes,
          chequers_serial_rivers_micro_d, serial_bayou_shore_b
Lair:5:   layout_cave_pods, uniq_sonja
Lair:6:   evil_forest, layout_gridlike, slime_altar_1, grunt_megastairs_3,
          infiniplex_staircase_pool
Orc:1:    layout_caves, gammafunk_ghost_abyssal_escape, uniq_josephine
Orc:2:    grunt_orc_community_town_hall, layout_caves,
          grunt_orc_community_big_house_2, grunt_orc_community_big_house_1,
          grunt_orc_community_house_1, grunt_orc_community_house_2,
          grunt_orc_community_house_1, grunt_orc_community_house_1,
          grunt_orc_community_house_3, grunt_orc_community_house_2
